 Dungeon Crawl Stone Soup version 0.31.0-9-g3a7656b989 (webtiles) character file.

Game seed: 12442408781285539069

231 qw the Skirmisher (level 5, -7/30 HPs)
             Began as a Deep Elf Hunter on Feb 2, 2024.
             Mangled by Edmund
             ... wielding a +3 flail of holy wrath
              (10 damage)
             ... on level 4 of the Dungeon.
             The game lasted 00:00:15 (3530 turns).

qw the Skirmisher (Deep Elf Hunter)                 Turns: 3530, Time: 00:00:16

Health: -7/30      AC:  6    Str: 10    XL:     5   Next: 73%
Magic:  7/7        EV: 11    Int: 14    God:
Gold:   125        SH:  5    Dex: 18    Spells: 4/4 levels left

rFire   . . .        a - +0 shortbow
rCold   . . .        (shield currently unavailable)
rNeg    . . .        f - +0 ring mail
rPois   .            h - +0 helmet
rElec   .            (no cloak)
rCorr   .            (no gloves)
SInv    .            (no boots)
Will    .....        e - amulet of reflection
Stlth   +            (no ring)
HPRegen 0.25/turn    (no ring)
MPRegen 0.10/turn

%: reflection
@: no status effects
A: no striking features
a: no special abilities


You were on level 4 of the Dungeon.
You visited 1 branch of the dungeon, and saw 4 of its levels.

You collected 125 gold pieces.


   Skills:
 - Level 2.0 Fighting
 + Level 9.1 Ranged Weapons
 - Level 2.4 Dodging
 - Level 1.2 Stealth


You had 4 spell levels left.
You didn't know any spells.
Your spell library was empty.

Inventory:

Hand Weapons
 a - a +0 shortbow (weapon)
Armour
 f - a +0 ring mail (worn)
 h - a +0 helmet (worn)
Jewellery
 e - an amulet of reflection (around neck)
Wands
 j - a wand of roots (8)
Scrolls
 i - a scroll of identify
Potions
 b - 2 potions of curing
 c - a potion of ambrosia {unknown}
 d - a potion of enlightenment {unknown}
 g - a potion of berserk rage {unknown}

Dungeon Overview and Level Annotations

Branches:
Dungeon (4/15)
 Temple: D:4-7

Altars:
Ashenzari
Elyvilon
Kikubaaqudgha
Makhleb
Nemelex Xobeh
Okawaru

Shops:
D:2 :   D:3 (

Annotations:
D:3 exclusion: dart slug
D:4 Edmund


Message History

There is an open door here.
Found a stone staircase leading down.
A hobgoblin comes into view.
You shoot an arrow. The arrow hits the hobgoblin.
You kill the hobgoblin!
There is a stone staircase leading down here.
You see here a hobgoblin corpse.
An endoplasm comes into view.
You shoot an arrow. The arrow hits the endoplasm.
The endoplasm quivers.
The endoplasm is almost dead.
You shoot an arrow. The arrow hits the endoplasm.
You kill the endoplasm!
j - a wand of roots (8)
b - 2 potions of curing (gained 1) Edmund the Younger comes into view.
He is wielding a +3 flail of holy wrath.
Edmund shouts!
You shoot an arrow. The arrow barely misses Edmund.
Edmund hits you but does no damage.
You shoot an arrow.
The arrow hits Edmund but does no damage.
Edmund hits you with a +3 flail of holy wrath!
You shoot an arrow.
The arrow hits Edmund but does no damage.
Edmund barely misses you.
You shoot an arrow. The arrow closely misses Edmund.
Edmund hits you with a +3 flail of holy wrath.
You shoot an arrow. The arrow closely misses Edmund.
You block Edmund's attack.
Edmund hits you with a +3 flail of holy wrath!
You shoot an arrow. The arrow barely misses Edmund.
Edmund says, "People accused me of being a cutpurse!"
You block Edmund's attack.
You shoot an arrow. The arrow hits Edmund.
Edmund is lightly wounded.
Edmund hits you with a +3 flail of holy wrath.
You shoot an arrow. The arrow barely misses Edmund.
Edmund hits you with a +3 flail of holy wrath!
You die...
Edmund says, "I'd like to see a scythe do that!"

#..#.####...#.#...
#..#..........####
#.............#
#.#####......## #
#.#....# ...#.##.#
##########.##.#
#..@..........#####
#@# ####.......##
#.# #......##.##
#.# #.####.##.# #.#
#.# #.##.#
#.#####.# #.##.#
#.......# #.##.##
######### #.....#
#######


You could see Edmund.

Vanquished Creatures
  An orc priest (D:3)
  Robin (D:3)
  4 gnolls
  2 adders (D:3)
  A white imp (D:4)
  14 dart slugs
  4 orcs (D:3)
  10 endoplasms
  4 giant cockroaches
  8 goblins
  8 hobgoblins
  3 jackals
  5 kobolds
  6 quokkas
  9 ball pythons
  5 bats
  3 frilled lizards
  4 rats (D:1)
92 creatures vanquished.

Notes
Turn   | Place    | Note
-------+----------+-------------------------------------------
     0 | D:1      | qw the Deep Elf Hunter began the quest for the Orb.
     0 | D:1      | Reached XP level 1. HP: 12/12 MP: 3/3
     0 | D:1      | 0 ||| qw: Version: 0.3-a-155-g5e7d8dd
     0 | D:1      | 0 ||| qw: Game counter: 1747
     0 | D:1      | 0 ||| qw: Melee chars always use a shield: true
     0 | D:1      | 0 ||| qw: God list: Okawaru
     0 | D:1      | 0 ||| qw: Allow faded altars: false
     0 | D:1      | 0 ||| qw: Do Orc after clearing Dungeon:15 true
     0 | D:1      | 0 ||| qw: Do second Lair branch before Depths: true
     0 | D:1      | 0 ||| qw: Lair rune preference: random
     0 | D:1      | 0 ||| qw: Goals: Normal
     0 | D:1      | 0 ||| PLANNING D:1-11
    49 | D:1      | 49 ||| RETREEEEATING.
    66 | D:1      | Reached XP level 2. HP: 15/16 MP: 4/4
    82 | D:1      | Reached skill level 6 in Ranged Weapons
   257 | D:1      | Reached XP level 3. HP: 20/20 MP: 5/5
   717 | D:1      | 717 ||| UPGRADING to amulet of reflection.
   722 | D:1      | 722 ||| READING 2 scrolls labelled PAACKO LUALUO.
   823 | D:1      | 823 ||| READING scroll labelled LORHIDAUWA.
   823 | D:1      | 823 ||| IDENTIFYING coppery potion
   824 | D:1      | 824 ||| READING scroll labelled ROF AQOALOSEOWN.
   825 | D:1      | 825 ||| DROPPING scroll of butterflies.
   826 | D:1      | 826 ||| DROPPING potion of lignification.
   827 | D:1      | 827 ||| DROPPING scroll of vulnerability.
   847 | D:2      | Found a faded altar of an unknown god.
   908 | D:2      | Found Apniubb's Book Shoppe.
  1096 | D:2      | Reached skill level 7 in Ranged Weapons
  1542 | D:2      | 1542 ||| UPGRADING to +0 ring mail.
  1552 | D:2      | 1552 ||| DROPPING +0 leather armour.
  1553 | D:2      | 1553 ||| READING scroll of identify.
  1553 | D:2      | 1553 ||| IDENTIFYING black potion
  1554 | D:2      | 1554 ||| READING scroll labelled DIWNES QANLOMPU.
  1592 | D:2      | 1592 ||| DRINKING 3 fizzy golden potions.
  1593 | D:2      | 1593 ||| DROPPING 2 potions of brilliance.
  1622 | D:3      | 1622 ||| STAIRDANCE
  1633 | D:3      | 1633 ||| STAIRDANCE
  1652 | D:3      | 1652 ||| STAIRDANCE
  1684 | D:3      | 1684 ||| STAIRDANCE
  1741 | D:3      | 1741 ||| STAIRDANCE
  1756 | D:3      | 1756 ||| STAIRDANCE
  1761 | D:2      | HP: 3/20 [gnoll/+0 spear (4)]
  1762 | D:2      | 1762 ||| DRINKING potion of heal wounds.
  1784 | D:3      | 1784 ||| STAIRDANCE
  1791 | D:2      | Reached XP level 4. HP: 25/25 MP: 6/6
  1808 | D:3      | HP: 4/25 [dart slug (3)]
  1814 | D:3      | HP: 4/25 [dart slug (2)]
  1819 | D:3      | HP: 3/25 [dart slug (1)]
  1949 | D:3      | Reached skill level 8 in Ranged Weapons
  2012 | D:3      | Found a sparkling altar of Nemelex Xobeh.
  2093 | D:3      | Found a broken altar of Ashenzari.
  2093 | D:3      | Found a burning altar of Makhleb.
  2134 | D:3      | Reached XP level 5. HP: 23/29 MP: 7/7
  2227 | D:3      | Found a white marble altar of Elyvilon.
  2229 | D:3      | Found an ancient bone altar of Kikubaaqudgha.
  2275 | D:3      | Found an iron altar of Okawaru.
  2281 | D:3      | 2281 ||| FLEEEEING.
  2509 | D:3      | Noticed Robin
  2526 | D:3      | Killed Robin
  2653 | D:3      | HP: 3/29 [orc priest/nerve-wracking pain (12)]
  2655 | D:3      | Reached skill level 9 in Ranged Weapons
  2840 | D:3      | Found Qialo's Antique Weapon Shop.
  2845 | D:3      | 2845 ||| UPGRADING to +0 helmet.
  3223 | D:3      | 3223 ||| READING scroll of identify.
  3223 | D:3      | 3223 ||| IDENTIFYING orange potion
  3522 | D:4      | Noticed Edmund
  3527 | D:4      | HP: 7/30 [Edmund/+3 flail of holy wrath (11)]
  3529 | D:4      | HP: 3/30 [Edmund/+3 flail of holy wrath (5)]
  3530 | D:4      | Mangled by Edmund

Levels and vault maps discovered:
D:1:      heliophobic_arrival_ceremonial_halls, layout_loops_ring,
          minmay_misc_feat_square, minmay_heptomino_d4
D:2:      layout_loops_ring, ebering_ecumenical_altar_petrified, serial_shops,
          shop_statue, wander_ebering_terrifying_dragon_lair
D:3:      kennysheep_slugbush, layout_basic, nemelex_diamond_rough_becter,
          nicolae_overflow_hidden_temple, serial_bayou, serial_bayou_shore_b,
          serial_bayou_crossing, serial_bayou_pond_a, serial_bayou_pond_d,
          serial_shops, shop, kennysheep_potato, uniq_robin
D:4:      minmay_opposing_rooms, layout_basic, minmay_misc_feat_hallway,
          kennysheep_generic_room_2, uniq_edmund, uniq_natasha

Skill      XL: |  1  2  3  4  5 |
---------------+----------------+-----
Ranged Weapons | 6 7 8 9 |  9.1
Fighting       | 2 |  2.0
Dodging        | |  2.4
Stealth        | |  1.2

Action                     |  1- 3 |  4- 6 || total
---------------------------+-------+-------++-------
   Fire: Shortbow          |   128 |   165 ||   293
    Use: Scroll            |     5 |     1 ||     6
         Potion            |     2 |       ||     2
 Armour: Leather armour    |    17 |       ||    17
         Ring mail         |    28 |    63 ||    91
  Dodge: Dodged            |    34 |    51 ||    85
  Block: Other             |     7 |    20 ||    27
         Reflection        |     1 |     4 ||     5

Table legend:
 A = Non-vault XP
 B = Vault XP
 C = Vault XP percentage of total XP
 D = Non-vault monster count
 E = Vault monster count
 F = Vault count percentage of total count
                 A         B        C        D         E       F
            +---------+---------+-------+---------+---------+-------
      Total |     237 |      94 |  28.4 |      66 |      26 |  28.3
            +---------+---------+-------+---------+---------+-------
        D:1 |      55 |       5 |   8.3 |      31 |       3 |   8.8
        D:2 |      44 |       1 |   2.2 |       9 |       1 |  10.0
        D:3 |     117 |      85 |  42.1 |      19 |      20 |  51.3
        D:4 |      21 |       3 |  12.5 |       7 |       2 |  22.2
            +---------+---------+-------+---------+---------+-------
